 Dungeon Crawl Stone Soup version 0.20.1-1-g8b1a95d (webtiles) character file.

143 Flubber the Grave Robber (level 5, -6/35 HPs)
             Began as a Demonspawn Necromancer on Oct 6, 2017.
             Mangled by Natasha (10 damage)
             ... on level 3 of the Dungeon.
             The game lasted 00:18:56 (2684 turns).

Flubber the Grave Robber (Demonspawn Necromancer)   Turns: 2684, Time: 00:18:56

Health: -6/35      AC:  5    Str:  8    XL:     5   Next: 4%
Magic:  1/9        EV: 14    Int: 17    God:
Gold:   93         SH:  0    Dex: 14    Spells: 4/9 levels left

rFire    . . .     SeeInvis .   f - +3 short sword
rCold    . . .     Gourm    .   (no shield)
rNeg     . . .     Faith    .   p - +0 leather armour
rPois    .         Spirit   .   s - +0 helmet
rElec    .         Reflect  .   k - +0 cloak
rCorr    .         Harm     +   (no gloves)
MR       .....                  (no boots)
Stlth    ++........             q - amulet of harm
Regen    0.2/turn               (no ring)
MPRegen  0.2/turn               (no ring)

@: very slightly contaminated, slowed, very slow
A: repulsion field 1, powered by pain 1
a: no special abilities


You were on level 3 of the Dungeon.
You were not hungry.

You visited 1 branch of the dungeon, and saw 3 of its levels.

You collected 93 gold pieces.

Inventory:

Hand Weapons
 d - a +0 short sword
 f - a +3 short sword (weapon)
Missiles
 h - 10 javelins (quivered)
 n - 14 poisoned needles
Armour
 a - a +0 robe
 i - a +0 helmet
 k - a +0 cloak (worn)
 p - a +0 leather armour (worn)
 r - a +0 ring mail
 s - a +0 helmet (worn)
Jewellery
 q - an amulet of harm (around neck)
Scrolls
 e - a scroll of amnesia
 g - a scroll of recharging {unknown}
 j - 3 scrolls of identify
Potions
 m - a potion of degeneration {unknown}
 o - a potion of cancellation {unknown}
Books
 b - a book of Necromancy

   Spells                             Type                      Level
   a - Pain                           Necromancy                   1
   b - Animate Skeleton               Necromancy                   1
   c - Vampiric Draining              Necromancy                   3
   d - Regeneration                   Charms/Necromancy            3
   e - Animate Dead                   Necromancy                   4
   f - Control Undead                 Necromancy                   4
Comestibles
 c - 2 bread rations
 l - 3 chunks of flesh


   Skills:
 - Level 1.0 Short Blades
 + Level 1.7 Armour
 + Level 2.7 Dodging
 - Level 3.0 Stealth
 + Level 2.7 Spellcasting
 - Level 4.3 Necromancy


You had 4 spell levels left.
You knew the following spells:

 Your Spells              Type           Power        Failure   Level  Hunger
a - Pain                  Necr           ###.         4%          1    #......
b - Animate Skeleton      Necr           N/A          4%          1    #......
c - Vampiric Draining     Necr           ###.......   12%         3    ###....


Dungeon Overview and Level Annotations

Branches:
Dungeon (3/15)

Altars:
Ashenzari

Annotations:
D:2 Robin
D:3 Natasha


Innate Abilities, Weirdness & Mutations

You are surrounded by a mild repulsion field. (EV +2)
You sometimes gain a little power by taking damage.


Message History

Natasha mumbles some strange words.
Natasha shimmers violently.
Natasha claws you.
* * * LOW HITPOINT WARNING * * *
Casting: Vampiric Draining
Confirm with . or Enter, or press ? or * to list all spells.
Aiming: Pain
Press: ? - help, Shift-Dir - straight line, f/p - Natasha
Aim: Natasha (chance to defeat MR: 76%) Natasha barely resists.
Natasha casts a spell at you. You resist with some effort.
Some of the chunks of flesh in your inventory have rotted away.
Casting: Pain
Confirm with . or Enter, or press ? or * to list all spells.
Aiming: Pain
Press: ? - help, Shift-Dir - straight line, f/p - Natasha
Aim: Natasha (chance to defeat MR: 76%) Natasha writhes in agony!
Natasha claws you!
You die...

### #.## ... ...
###.## ..##
...... ...
#...#####.# #.
#.h@....# #.#.
##.#...####
..##### #...
#..###....#
...... ## #..
##g##
####...###.....
...#..###..######
#.........
#................
.[#.....
#......#########
. ..# #.##..##
#.## #....##
##########...


You could see Natasha and a goblin.

Vanquished Creatures
  Natasha (twice) (D:3)
  An adder (D:3)
  3 worms
  3 dart slugs (D:1)
  2 leopard geckos (D:1)
  2 giant cockroaches
  15 goblins
  12 hobgoblins
  4 jackals
  8 bats
  4 frilled lizards
  3 kobolds
  6 rats
65 creatures vanquished.

Vanquished Creatures (collateral kills)
  A goblin (D:2)
  A jackal (D:2)
  A kobold (D:2)
3 creatures vanquished.

Grand Total: 68 creatures vanquished

Notes
Turn   | Place    | Note
-------+----------+-------------------------------------------
     0 | D:1      | Flubber the Demonspawn Necromancer began the quest for the Orb.
     0 | D:1      | Reached XP level 1. HP: 13/13 MP: 3/3
   316 | D:1      | Gained mutation: You sometimes gain a little power by taking damage. [demonic ancestry]
   316 | D:1      | Reached XP level 2. HP: 15/19 MP: 1/5
   528 | D:1      | Reached skill level 1 in Short Blades
   748 | D:1      | Learned a level 1 spell: Animate Skeleton
   819 | D:1      | Reached XP level 3. HP: 21/24 MP: 3/6
  1585 | D:2      | Noticed Robin
  1594 | D:2      | Found a shattered altar of Ashenzari.
  1603 | D:2      | Reached skill level 1 in Armour
  1649 | D:2      | Gained mutation: You are surrounded by a mild repulsion field. (EV +2) [demonic ancestry]
  1649 | D:2      | Reached XP level 4. HP: 13/30 MP: 2/7
  2238 | D:2      | Learned a level 3 spell: Vampiric Draining
  2290 | D:3      | Noticed Natasha
  2298 | D:3      | Killed Natasha
  2521 | D:3      | Noticed Natasha
  2585 | D:3      | Killed Natasha
  2660 | D:3      | Reached XP level 5. HP: 34/35 MP: 6/9
  2675 | D:3      | Noticed Natasha
  2684 | D:3      | Mangled by Natasha

Skill      XL: |  1  2  3 |
---------------+----------+-----
Stealth        | 2 3 |  3.0
Dodging        | 2 |  2.7
Short Blades   | 1 |  1.0
Armour         | 1 |  1.7
Spellcasting   | |  2.7
Necromancy     | |  4.3

Action                   |  1- 3 |  4- 6 || total
-------------------------+-------+-------++-------
Melee: Short sword       |    39 |     2 ||    41
Throw: Javelin           |       |     1 ||     1
 Cast: Pain              |    86 |    47 ||   133
       Animate Skeleton  |     8 |     1 ||     9
  Use: Scroll            |     4 |     1 ||     5
       Potion            |     3 |       ||     3
  Eat: Chunk             |     4 |     3 ||     7
Armor: Robe              |     2 |       ||     2
       Leather armour    |    16 |     3 ||    19
Dodge: Dodged            |    57 |    11 ||    68
